 Dungeon Crawl Stone Soup version 0.28-a0-297-g99b01970c5 (webtiles) character file.

Game seed: 15340422939465128659

17 Gargoyl the Skirmisher (level 2, -1/29 HPs)
             Began as a Gnoll Abyssal Knight on Aug 29, 2021.
             Was an Initiate of Lugonu.
             Slain by a gnoll (8 damage)
             ... on level 2 of the Dungeon.
             The game lasted 00:01:15 (1136 turns).

Gargoyl the Skirmisher (Gnoll Abyssal Knight)       Turns: 1136, Time: 00:01:15

Health: -1/29      AC:  8    Str: 11    XL:     2   Next: 62%
Magic:  5/5        EV: 10    Int: 11    God:    Lugonu [......]
Gold:   79         SH:  0    Dex: 11    Spells: 2/2 levels left

rFire   . . .      SeeInvis .   a - +1 hand axe
rCold   + . .      Faith    .   (no shield)
rNeg    . . .      Spirit   .   d - +2 ring mail {rC+}
rPois   .          Reflect  .   (no helmet)
rElec   .          Harm     .   (no cloak)
rCorr   .          Rampage  .   (no gloves)
Will    .....                   (no boots)
Stlth   +.........              (no amulet)
HPRegen 0.09/turn               (no ring)
MPRegen 0.09/turn               (no ring)

@: no status effects
A: fangs 1, strong nose, distributed training
a: Renounce Religion


You were on level 2 of the Dungeon.
You worshipped Lugonu.
Lugonu was noncommittal.
You visited 1 branch of the dungeon, and saw 2 of its levels.
You visited the Abyss 1 time.

You collected 79 gold pieces.

Inventory:

Hand Weapons
 a - a +1 hand axe (weapon)
Missiles
 c - 8 poisoned darts (quivered)
Armour
 d - a +2 ring mail of cold resistance (worn)
Scrolls
 b - 2 scrolls of identify {unknown}
 e - a scroll of magic mapping {unknown}


   Skills:
 + Level 6.5 Fighting
 + Level 0.5 Short Blades
 + Level 0.5 Long Blades
 + Level 4.5 Axes
 + Level 0.5 Maces & Flails
 + Level 0.5 Polearms
 + Level 0.5 Staves
 + Level 0.5 Slings
 + Level 0.5 Bows
 + Level 0.5 Crossbows
 + Level 0.5 Throwing
 + Level 4.5 Armour
 + Level 2.5 Dodging
 + Level 0.5 Stealth
 + Level 0.5 Shields
 + Level 0.5 Unarmed Combat
 + Level 0.5 Spellcasting
 + Level 0.3 Conjurations
 + Level 0.3 Hexes
 + Level 0.3 Summonings
 + Level 0.3 Necromancy
 + Level 0.3 Translocations
 + Level 0.3 Transmutations
 + Level 0.3 Fire Magic
 + Level 0.3 Ice Magic
 + Level 0.3 Air Magic
 + Level 0.3 Earth Magic
 + Level 0.3 Poison Magic
 + Level 4.5 Invocations
 + Level 0.5 Evocations


You had 2 spell levels left.
You didn't know any spells.
Your spell library contained the following spells:

 Spells                   Type           Power      Damage    Failure   Level
 Animate Skeleton         Necr           2%         N/A       54%         1
 Corona                   Hex            1%         N/A       54%         1
 Freeze                   Ice            4%         1d3       54%         1
 Pain                     Necr           4%         1d4       54%         1
 Sandblast                Erth           2%         2d4       54%         1
 Corpse Rot               Necr/Air       N/A        N/A       69%         2
 Poisonous Vapours        Pois/Air       2%         N/A       69%         2
 Vampiric Draining        Necr           0%         2d6       89%         3
 Freezing Cloud           Conj/Ice/Air   0%         6-21      100%        5


Dungeon Overview and Level Annotations

Branches:
Dungeon (2/15)

Altars:


Innate Abilities, Weirdness & Mutations

You have very sharp teeth.
Your uncanny sense of smell can sniff out nearby items.
Your experience applies equally to all skills.


Message History

You hit the jackal.
You kill the jackal!
Lugonu accepts your kill.
You see here a jackal corpse.
You now have 79 gold pieces (gained 12).
There is a stone staircase leading up here.
A gnoll comes into view. It is wielding a +0 halberd.
A gnoll is nearby!
A gnoll is nearby!
You aren't carrying any potions.
The gnoll barely misses you.
You hit the gnoll but do no damage. The gnoll closely misses you.
You closely miss the gnoll.
The gnoll hits you but does no damage. x2
Your ring mail prevents you from hitting the gnoll.
You bite the gnoll.
The gnoll is lightly wounded.
The gnoll hits you with a +0 halberd.
You hit the gnoll.
The gnoll is moderately wounded.
The gnoll misses you.
You hit the gnoll but do no damage.
The gnoll is moderately wounded.
The gnoll barely misses you.
You hit the gnoll. Your bite misses the gnoll.
The gnoll is heavily wounded.
The gnoll barely misses you.
You barely miss the gnoll.
The gnoll is heavily wounded.
The gnoll hits you with a +0 halberd!
You hear a shout!
You hit the gnoll.
The gnoll is heavily wounded.
You hear a shout! x2
The gnoll hits you with a +0 halberd!
* * * LOW HITPOINT WARNING * * *
A gnoll comes into view. It is wielding a +0 spear.
You barely miss the gnoll.
The gnoll is heavily wounded.
The gnoll hits you with a +0 halberd!
You die...

#.......#####
#...........#
####'########## #.#
#..>..# #.# #.###.#
#.####.# #.#
#......###.#
######.....######
#.#####.@g.# ####.#
#.##g# #....# #.# #
#.#### #.# ###'##
#.# #....# ###.####
####...<# #...#..#
#..+....# #.###..#
#.##....#####.###..#


You could see 2 gnolls.

Vanquished Creatures
  2 dart slugs (D:1)
  A bat (D:1)
  3 jackals (D:2)
  2 quokkas (D:1)
  2 ball pythons
  A frilled lizard (D:1)
  A rat (D:1)
12 creatures vanquished.

Vanquished Creatures (others)
  A rat (D:1)
1 creature vanquished.

Grand Total: 13 creatures vanquished

Notes
Turn   | Place    | Note
-------+----------+-------------------------------------------
     0 | Abyss:1  | Gargoyl the Gnoll Abyssal Knight began the quest for the
                  | Orb.
     0 | Abyss:1  | Reached XP level 1. HP: 23/23 MP: 3/3
    46 | Abyss:3  | Noticed a tentacled starspawn
    61 | Abyss:3  | Noticed a small abomination
    80 | Abyss:3  | Noticed a chaos spawn
    83 | D:1      | Escaped the Abyss
   224 | D:1      | Found a faded altar of an unknown god.
   235 | D:1      | Reached XP level 2. HP: 28/29 MP: 5/5
   319 | D:1      | Got Udiesuix's Introduction to Witchery
  1136 | D:2      | Slain by a gnoll

Illustrated notes

Levels and vault maps discovered:
D:1:      lightli_arrival_windingriver, layout_loops_ring,
          shapermc_ecumenical_altar_notcrosses, lemuel_flame_loot_1
D:2:      layout_basic, uniq_sigmund

Action                   || total
-------------------------++-------
Melee: Hand axe          ||    55
       Bite              ||     2
Invok: Depart the Abyss  ||     1
Armor: Ring mail         ||    27
Dodge: Dodged            ||    33

Table legend: (Time is in decaauts)
 A = Elapsed time spent in this place.
 B = Non-inter-level travel time spent in this place.
 C = Inter-level travel time spent in this place.
 D = Time resting spent in this place.
 E = Time spent auto-exploring this place.
 F = Levels seen in this place.
 G = Mean time per level.
                   A        B        C        D        E       F      G
               +--------+--------+--------+--------+--------+-----+--------+
         Total |   1143 |   1125 |     18 |      0 |    907 |   5 |  228.6 |
       Dungeon |   1060 |   1042 |     18 |      0 |    883 |   2 |  530.0 |
         Abyss |     82 |     82 |      0 |      0 |     24 |   3 |   27.3 |
               +--------+--------+--------+--------+--------+-----+--------+

Top non-repeatable levels by time:
     D:1: 850 daAuts
     D:2: 209 daAuts
 Abyss:3: 40 daAuts
 Abyss:1: 30 daAuts
 Abyss:2: 11 daAuts
